 Dungeon Crawl Stone Soup version 0.30-b1-2-g02819fbbbe (webtiles) character file.

Game seed: 12672947735861772641

103 Barriton the Conjurer (level 4, -3/33 HPs)
             Began as a Draconian Conjurer on May 9, 2023.
             Slain by an ogre
             ... wielding a +0 giant club
              (16 damage)
             ... on level 3 of the Dungeon.
             The game lasted 00:02:13 (2985 turns).

Barriton the Conjurer (Draconian Conjurer)          Turns: 2985, Time: 00:02:13

Health: -3/33      AC:  6    Str:  9    XL:     4   Next: 51%
Magic:  1/8        EV: 12    Int: 20    God:
Gold:   80         SH:  0    Dex: 10    Spells: 6/9 levels left

rFire   . . .        c - staff of poison
rCold   . . .        (no shield)
rNeg    . . .        (body armour unavailable)
rPois   +            (helmet restricted)
rElec   .            (no cloak)
rCorr   .            h - +0 pair of gloves
SInv    .            (no boots)
Will    .....        (no amulet)
Stlth   ++           (no ring)
HPRegen 0.25/turn    (no ring)
MPRegen 0.11/turn

%: no passive effects
@: no status effects
A: AC +5, unfitting armour, cold-blooded
a: no special abilities


You were on level 3 of the Dungeon.
You visited 1 branch of the dungeon, and saw 3 of its levels.

You collected 80 gold pieces.

Inventory:

Armour
 h - a +0 pair of gloves (worn)
Magical Staves
 c - a staff of poison (weapon)
Jewellery
 b - a ring of ice
 m - an amulet of regeneration
Scrolls
 f - a scroll of teleportation
Potions
 a - a potion of magic
 d - 2 potions of curing {unknown}
 e - a potion of invisibility {unknown}
 g - a potion of flight {unknown}
 i - a potion of berserk rage {unknown}


   Skills:
 + Level 1.8 Dodging
 + Level 2.1 Stealth
 + Level 3.0 Spellcasting
 + Level 5.2 Conjurations


You had 6 spell levels left.
You knew the following spells:

 Your Spells              Type           Power      Damage    Failure   Level
a - Magic Dart            Conj           92%        1d7       1%          1
b - Searing Ray           Conj           46%        2d6       2%          2

Your spell library contained the following spells:

 Spells                   Type           Power      Damage    Failure   Level
 Dazzling Flash           Conj/Hex       26%        N/A       14%         3
 Fulminant Prism          Conj/Hex       6%         3d7       43%         4
 Iskenderun's Mystic Bla  Conj/Tloc      13%        2d5       43%         4


Dungeon Overview and Level Annotations

Branches:
Dungeon (3/15)

Altars:
Zin

Shops:
D:2 ?


Innate Abilities, Weirdness & Mutations

Your plain brown scales are hard. (AC +5)
You cannot fit into any form of body armour.
You are cold-blooded and may be slowed by cold attacks.


Message History

You hit the ogre. You tail-slap the ogre.
The ogre is heavily wounded.
You hit the ogre.
The ogre is severely wounded.
The ogre closely misses you.
You hit the ogre but do no damage.
You tail-slap the ogre, but do no damage.
The ogre is severely wounded.
The ogre barely misses you.
You barely miss the ogre.
The ogre is severely wounded.
A rat comes into view.
The ogre closely misses you.
You hit the ogre.
You tail-slap the ogre, but do no damage.
The ogre is severely wounded.
The ogre misses you.
You hit the ogre.
The ogre is severely wounded.
You hit the ogre.
The ogre is almost dead.
The ogre closely misses you.
You hit the ogre. You tail-slap the ogre.
The ogre is almost dead.
The ogre hits you with a +0 giant club!!
Ouch! That really hurt!
You barely miss the ogre.
The ogre is almost dead.
The ogre barely misses you.
Casting: Searing Ray (safe; 2% risk of failure)
Confirm with . or Enter, or press ? or * to list all spells.
You don't have enough magic to cast this spell.
Unknown command.
Casting: Searing Ray (safe; 2% risk of failure)
Confirm with . or Enter, or press ? or * to list all spells.
You don't have enough magic to cast this spell.
You hit the ogre.
The ogre is almost dead.
The ogre hits you with a +0 giant club!
You die...

####### #.##.# ###......#
#.##.# ......... ###.##<#
.#...... ###..[##.#
.#....#### #...####.#
.#...........#.#..†.# # .
.#.....#######.#.####.#..#
.#............##.###.....#
....###>#####.##@Or.......
###.#...# #.######†..#..
.##.#.### #.# ..# #.#...#
#.# ... .###### #.# ...
#.# #.# .. .## ..# . #.#
..+ .##


You could see an ogre and a rat.

Vanquished Creatures
  A gnoll (D:3)
  3 adders
  4 dart slugs
  8 bats
  10 endoplasms
  A giant cockroach (D:2)
  5 goblins
  5 hobgoblins
  2 jackals (D:3)
  6 kobolds
  A quokka (D:1)
  5 ball pythons
  2 frilled lizards
  2 rats
55 creatures vanquished.

Notes
Turn   | Place    | Note
-------+----------+-------------------------------------------
     0 | D:1      | Barriton the Draconian Conjurer began the quest for the
                  | Orb.
     0 | D:1      | Reached XP level 1. HP: 14/14 MP: 3/3
   258 | D:1      | Reached XP level 2. HP: 20/20 MP: 0/5
  1499 | D:1      | Learned a level 2 spell: Searing Ray
  1552 | D:2      | Reached XP level 3. HP: 26/26 MP: 4/6
  1658 | D:2      | Found a faded altar of an unknown god.
  2090 | D:2      | Found The Oracle's Delphic Readings.
  2120 | D:2      | Reached skill level 5 in Conjurations
  2385 | D:2      | Found a glowing silver altar of Zin.
  2548 | D:3      | Reached XP level 4. HP: 32/33 MP: 1/8
  2966 | D:3      | Noticed an ogre
  2985 | D:3      | Slain by an ogre

Illustrated notes

Levels and vault maps discovered:
D:1:      sevenhm_arrival_forest_fort_large_2, layout_loops_corners
D:2:      layout_loops_ring, dreamdust_ecumenical_altar_grove, basic_altar,
          nicolae_nh_oracle_at_delphi
D:3:      layout_basic, fedhas_altar_fruit_tree, grunt_ministairs_15,
          minmay_shallow_snake_nest, uniq_natasha

Skill      XL: |  1  2  3  4 |
---------------+-------------+-----
Stealth        | 2 |  2.1
Conjurations   | 5 |  5.2
Spellcasting   | 3 |  3.0
Dodging        | |  1.8

Action                     |  1- 3 |  4- 6 || total
---------------------------+-------+-------++-------
  Melee: Tailslap          |     1 |     4 ||     5
         Unarmed           |     1 |       ||     1
         Staff             |       |    10 ||    10
   Cast: Magic Dart        |    92 |    35 ||   127
         Searing Ray       |       |     1 ||     1
    Use: Scroll            |     7 |       ||     7
 Armour: Skin              |     2 |     2 ||     4
  Dodge: Dodged            |    10 |     8 ||    18
